 Dungeon Crawl Stone Soup version 0.18-a0-1655-ge2d8d33 (webtiles) character file.

292 Kidiri the Firebug (level 6, -6/34 HPs)
             Began as a Deep Elf Fire Elementalist on Mar 30, 2016.
             Killed by nerve-wracking pain
             ... invoked by Grinder
              (10 damage)
             ... on level 5 of the Dungeon.
             The game lasted 00:45:30 (2653 turns).

Kidiri the Firebug (Deep Elf Fire Elementalist)     Turns: 2653, Time: 00:45:31

Health: -6/34      AC:  7    Str:  5    XL:     6   Next: 10%
Magic:  3/14       EV: 13    Int: 22    God:
Gold:   75         SH:  4    Dex: 15    Spells: 4 memorised, 4 levels left

rFire  . . .     SeeInvis .     l - +0 dagger (protect)
rCold  . . .     Gourm    .     a - +0 robe
rNeg   . . .     Faith    .     k - +0 buckler
rPois  .         Spirit   .     (helmet restricted)
rElec  .         Dismiss  .     (no cloak)
rCorr  .         Reflect  .     (no gloves)
SustAt .         Harm     .     (no boots)
MR     .....     Rnd*Rage +     (no amulet)
Stlth  ++........               (no ring)
                                (no ring)

@: exhausted, very slightly contaminated, slowed, very slow, not resistant to
hostile enchantments, unstealthy
A: antennae 1, berserk 1, blurry vision 1
a: no special abilities


You were on level 5 of the Dungeon.
You were hungry.

You visited 1 branch of the dungeon, and saw 4 of its levels.

You collected 75 gold pieces.

Inventory:

Hand Weapons
 l - a +0 dagger of protection (weapon)
Armour
 a - a +0 robe (worn)
 k - a +0 buckler (worn)
 m - a +0 leather armour
Scrolls
 f - 2 scrolls of teleportation
 h - a scroll of remove curse
Potions
 e - a potion of cure mutation
 i - 2 potions of brilliance {unknown}
 o - a potion of degeneration {unknown}
Books
 b - a book of Flames

   Spells                             Type                      Level
   a - Flame Tongue                   Conjuration/Fire             1
   b - Throw Flame                    Conjuration/Fire             2
   c - Conjure Flame                  Conjuration/Fire             3
   d - Inner Flame                    Hexes/Fire                   3
   e - Sticky Flame                   Conjuration/Fire             4
   f - Fireball                       Conjuration/Fire             5
Comestibles
 c - a bread ration
 g - a beef jerky
 j - a slice of pizza
 n - 12 chunks of flesh


   Skills:
 + Level 1.2 Fighting
 + Level 1.0 Armour
 * Level 4.3 Dodging
 - Level 2.4 Stealth
 + Level 1.0 Shields
 * Level 4.2 Spellcasting
 + Level 2.0 Conjurations
 + Level 1.1 Hexes
 * Level 4.7 Fire Magic


You had 4 spell levels left.
You knew the following spells:

 Your Spells              Type           Power        Failure   Level  Hunger
a - Flame Tongue          Conj/Fire      ###..        6%          1    None
b - Throw Flame           Conj/Fire      ###...       10%         2    #......
c - Conjure Flame         Conj/Fire      ###.....     14%         3    ##.....
d - Inner Flame           Hex/Fire       ###.....     14%         3    ##.....


Dungeon Overview and Level Annotations

Branches:
Dungeon (5/15)
 Temple: D:4-7

Altars:
Makhleb
Yredelemnul

Annotations:
D:5 exclusion: crimson imp, Edmund, Grinder, Menkaure


Innate Abilities, Weirdness & Mutations

You have a pair of small antennae on your head.
You tend to lose your temper in combat.
Scrolls take you a little longer to read.


Message History

Unknown command.
Casting: Flame Tongue
Confirm with . or Enter, or press ? or * to list all spells.
Aiming: Flame Tongue
Press: ? - help, Shift-Dir - straight line, f - Grinder
Aim: Grinder You miscast Flame Tongue.
You are very lightly contaminated with residual magic.
Lukewarm flames ripple over your body. Grinder gestures at you.
Pain shoots through your body!
* * * LOW HITPOINT WARNING * * *
Drink which item? (? for menu, Esc to quit)
You feel better. Grinder hits you.
* * * LOW HITPOINT WARNING * * *
You writhe in agony.
* * * LOW HITPOINT WARNING * * *
Grinder gestures at you. Pain shoots through your body!
You die...

#......## #.# #.###'##
#.# #.# #>##### #.#
########.###.#...######.#
........8##.#..........#
##.......#####..########
#......######.)...#
#..###.§...##.###.#
#..#.'@§._.##.# #.#
##.###5§...##.# #÷#
#.....######## #.#
#...... ########.#
#.....8##........#
##..#####.######## #.#
#.# .. #.# ### .##
##.#########.##


You could see Grinder.

Vanquished Creatures
  A human (D:5)
  An orc wizard (D:5)
  A human skeleton (D:5)
  An adder (D:2)
  4 gnolls (D:5)
  A worm (D:2)
  2 giant geckos
  2 orcs (D:5)
  3 bats
  2 giant cockroaches (D:2)
  7 goblins
  3 hobgoblins
  7 jackals
  6 kobolds
  A quokka (D:5)
  3 giant newts (D:1)
  7 rats
52 creatures vanquished.

Notes
Turn   | Place    | Note
--------------------------------------------------------------
     0 | D:1      | Kidiri the Deep Elf Fire Elementalist began the quest for the Orb.
     0 | D:1      | Reached XP level 1. HP: 10/10 MP: 6/6
   253 | D:1      | Reached XP level 2. HP: 15/15 MP: 4/8
   257 | D:1      | Learned a level 2 spell: Throw Flame
  1178 | D:2      | Reached XP level 3. HP: 18/20 MP: 3/9
  1183 | D:2      | Learned a level 3 spell: Conjure Flame
  1186 | D:2      | Gained mutation: You tend to lose your temper in combat. [potion of mutation]
  1186 | D:2      | Gained mutation: You evolve. [potion of mutation]
  1186 | D:2      | Gained mutation: Scrolls take you a little longer to read. [potion of mutation]
  1450 | D:2      | Gained mutation: You have a pair of small antennae on your head. [evolution]
  1450 | D:2      | Lost mutation: You evolve. [end of evolution]
  2194 | D:3      | Learned a level 3 spell: Inner Flame
  2216 | D:3      | You fall through a shaft for 2 floors!
  2216 | D:5      | Entered Level 5 of the Dungeon
  2332 | D:5      | Noticed Edmund
  2369 | D:5      | Reached XP level 4. HP: 18/24 MP: 1/11
  2436 | D:5      | Found a burning altar of Makhleb.
  2455 | D:5      | Noticed Menkaure
  2617 | D:5      | Found a runed door.
  2617 | D:5      | Noticed a human
  2622 | D:5      | Found a basalt altar of Yredelemnul.
  2634 | D:5      | Reached XP level 5. HP: 23/28 MP: 5/12
  2648 | D:5      | Noticed Grinder
  2650 | D:5      | Killed a human
  2650 | D:5      | Reached skill level 1 in Fighting
  2650 | D:5      | Reached skill level 1 in Armour
  2650 | D:5      | Reached skill level 1 in Shields
  2650 | D:5      | Reached skill level 1 in Hexes
  2650 | D:5      | Reached XP level 6. HP: 12/34 MP: 4/14
  2653 | D:5      | Killed from afar by Grinder

Vault maps used:
D:1:      mrwooster_arrival_arrow
D:3:      fedhas_altar_1
D:5:      grunt_temple_overflow_champion_of_chaos, first_bread,
          nicolae_ossuary_entry_plus, dk_yredelemnul_ordeal, uniq_grinder,
          uniq_menkaure, uniq_edmund

Skill      XL: |  1  2  3  4  5 |
---------------+----------------+-----
Dodging        | 3 4 |  4.3
Fire Magic     | 4 |  4.7
Fighting       | 1 |  1.2
Armour         | 1 |  1.0
Shields        | 1 |  1.0
Spellcasting   | 4 |  4.2
Conjurations   | 2 |  2.0
Hexes          | 1 |  1.1
Stealth        | |  2.4

Action                   |  1- 3 |  4- 6 || total
-------------------------+-------+-------++-------
Melee: Short sword       |     4 |       ||     4
       Dagger            |    36 |    46 ||    82
 Cast: Flame Tongue      |    50 |    14 ||    64
       Throw Flame       |    13 |     3 ||    16
       Conjure Flame     |     1 |     1 ||     2
  Use: Scroll            |     9 |       ||     9
       Potion            |     1 |     1 ||     2
 Stab: Sleeping          |     8 |       ||     8
  Eat: Chunk             |     4 |     3 ||     7
